 Dungeon Crawl Stone Soup version 0.30.1-4-g462c640d31 (webtiles) character file.

Game seed: 15135308586398402628

91 Peloso the Shield-Bearer (level 4, -6/44 HPs)
             Began as a Troll Fighter on Sept 6, 2023.
             Mangled by an orc warrior
             ... wielding a +0 halberd
              (15 damage)
             ... on level 3 of the Dungeon.
             The game lasted 00:02:43 (1743 turns).

Peloso the Shield-Bearer (Troll Fighter)            Turns: 1743, Time: 00:02:43

Health: -6/44      AC:  4    Str: 24    XL:     4   Next: 33%
Magic:  3/3        EV:  9    Int:  4    God:
Gold:   85         SH:  8    Dex: 11    Spells: 3/3 levels left

rFire   . . .        a - +0 long sword
rCold   . . .        c - +0 kite shield
rNeg    . . .        b - +0 robe
rPois   .            (helmet restricted)
rElec   .            (no cloak)
rCorr   .            (gloves unavailable)
SInv    .            (boots unavailable)
Will    .....        (no amulet)
Stlth   +            (no ring)
HPRegen 1.07/turn    (no ring)
MPRegen 0.08/turn

%: no passive effects
@: no status effects
A: large, unfitting armour, claws 3, regeneration 1, shaggy fur 1, tough skin 1
a: no special abilities


You were on level 3 of the Dungeon.
You visited 1 branch of the dungeon, and saw 3 of its levels.

You collected 85 gold pieces.

Inventory:

Hand Weapons
 a - a +0 long sword (weapon)
Armour
 b - a +0 robe (worn)
 c - a +0 kite shield (worn)
Jewellery
 n - a ring of see invisible
Scrolls
 e - a scroll of blinking {unknown}
 f - a scroll of teleportation {unknown}
 g - a scroll of silence {unknown}
 h - 3 scrolls of identify {unknown}
 j - a scroll of poison {unknown}
 l - a scroll of enchant weapon {unknown}
 s - a scroll of immolation {unknown}
 u - a scroll of enchant armour {unknown}
Potions
 d - 4 potions of might
 i - 3 potions of lignification {unknown}
 k - a potion of berserk rage {unknown}
 m - 2 potions of resistance {unknown}
 o - a potion of invisibility {unknown}
 p - a potion of heal wounds {unknown}
 q - 3 potions of curing {unknown}
 r - a potion of haste {unknown}
 t - a potion of attraction {unknown}


   Skills:
 + Level 2.8 Fighting
 + Level 2.7 Long Blades
 + Level 2.9 Dodging
 + Level 0.1 Stealth
 + Level 3.1 Shields


You had 3 spell levels left.
You didn't know any spells.
Your spell library was empty.

Dungeon Overview and Level Annotations

Branches:
Dungeon (3/15)

Altars:
Qazlal


Innate Abilities, Weirdness & Mutations

You are too large for most types of armour.
You have claws for hands.
Your natural rate of healing is unusually fast.
You are covered in fur. (AC +1)
You have tough skin. (AC +1)


Message History

You closely miss the bat.
The bat is moderately wounded.
The bat barely misses you. The bat closely misses you.
You block the bat's attack. You block the bat's attack.
The bat hits you but does no damage. x2
You closely miss the bat.
The bat is moderately wounded.
The bat hits you but does no damage. You block the bat's attack.
You barely miss the bat.
The bat is moderately wounded.
The bat closely misses you. You block the bat's attack.
The bat hits you but does no damage.
You slash the bat!
You kill the bat!
An orc warrior and an orc come into view.
The orc warrior shouts!
You hear a shout!
The orc shouts!
There are monsters nearby!
There are monsters nearby!
Found a stormy altar of Qazlal.
An orc comes into view. It is wielding a +0 dagger.
The orc warrior completely misses you.
You closely miss the orc warrior. You block the orc warrior's attack.
You hit the orc warrior.
The orc warrior is lightly wounded.
The orc warrior hits you with a +0 halberd!!
The orc warrior barely misses you.
You barely miss the orc warrior.
The orc warrior is lightly wounded.
You block the orc warrior's attack.
You hit the orc warrior but do no damage.
The orc warrior is lightly wounded.
The orc hits you but does no damage.
The orc warrior hits you with a +0 halberd!
The orc warrior closely misses you. You block the orc's attack.
You hit the orc warrior but do no damage.
The orc warrior is lightly wounded.
The orc hits you with a +0 flail.
* * * LOW HITPOINT WARNING * * *
The orc warrior hits you with a +0 halberd!
You die...

#.. ## #.# .# .
#.# #.# #.#.# #.#
.#.## #.# .o. #.#
# #o# #.#
#.#..#@#####.#
......o.......#
≈≈≈≈..#.#####.###
≈≈≈≈≈...........#
§._≈≈.#.#####.###
§≈§≈≈...........#
≈§§≈. #.#####.###
§... #######.#
.## #.....#


You could see an orc warrior and 2 orcs.

Vanquished Creatures
  An orc wizard (D:2)
  3 adders
  2 dart slugs (D:1)
  3 orcs (D:2)
  2 bats
  3 endoplasms (D:1)
  5 goblins
  5 hobgoblins
  3 jackals (D:1)
  2 quokkas (D:2)
  3 ball pythons
  2 frilled lizards
  3 kobolds
  A rat (D:1)
38 creatures vanquished.

Notes
Turn   | Place    | Note
-------+----------+-------------------------------------------
     0 | D:1      | Peloso the Troll Fighter began the quest for the Orb.
     0 | D:1      | Reached XP level 1. HP: 22/22 MP: 0/0
   233 | D:1      | Reached XP level 2. HP: 29/29 MP: 1/1
   530 | D:1      | Reached skill level 3 in Shields
   927 | D:2      | Reached XP level 3. HP: 27/36 MP: 2/2
  1283 | D:2      | Reached XP level 4. HP: 44/44 MP: 3/3
  1737 | D:3      | Noticed an orc warrior
  1738 | D:3      | Found a stormy altar of Qazlal.
  1743 | D:3      | Mangled by an orc warrior

Illustrated notes

Levels and vault maps discovered:
D:1:      roderic_chinese_lattice_arrival, layout_loops_ring,
          hangedman_glass_teeth
D:2:      layout_basic
D:3:      layout_basic, lemuel_round_altar, mainiacjoe_overflow_catwalk,
          nicolae_hepliaklqana_hippocampus, fedhas_altar_fruit_tree,
          serial_shops, shop, kennysheep_generic_room_8, uniq_sigmund

Skill      XL: |  1  2 |
---------------+-------+-----
Shields        | 3 |  3.1
Long Blades    | 2 |  2.7
Fighting       | |  2.8
Dodging        | |  2.9
Stealth        | |  0.1

Action                     |  1- 3 |  4- 6 || total
---------------------------+-------+-------++-------
  Melee: Long sword        |   118 |    35 ||   153
 Armour: Robe              |    61 |    15 ||    76
  Dodge: Dodged            |    59 |    18 ||    77
  Block: Kite shield       |    54 |    21 ||    75
